 Dungeon Crawl Stone Soup version 0.19-a0-1268-g6c5d9f8 (webtiles) character file.

427 JustSomeDude the Skirmisher (level 6, -5/48 HPs)
             Began as a Demonspawn Fighter on Aug 29, 2016.
             Slain by a wraith (9 damage)
             ... in an ossuary.
             The game lasted 00:07:19 (3217 turns).

JustSomeDude the Skirmisher (Demonspawn Fighter)    Turns: 3217, Time: 00:07:19

Health: -5/48      AC: 10    Str: 17 (19) XL:     6   Next: 65%
Magic:  6/6        EV:  8    Int:  8 (9)  God:
Gold:   146        SH:  9    Dex:  9 (12) Spells: 0 memorised, 5 levels left

rFire  . . .     SeeInvis .     a - +0 trident
rCold  . . .     Gourm    .     b - +0 scale mail
rNeg   . . .     Faith    .     c - +0 shield
rPois  .         Spirit   .     (no helmet)
rElec  .         Dismiss  .     (no cloak)
rCorr  .         Reflect  .     r - +0 pair of gloves
MR     .....     Harm     .     (no boots)
Stlth  ..........               (no amulet)
                                (no ring)
                                (no ring)

@: slowed, very slow
A: talons 1, icy blue scales 1, blurry vision 2, powered by death 1
a: no special abilities


You were in an ossuary.
You were hungry.

You visited 1 branch of the dungeon, and saw 4 of its levels.
You also visited: Ossuary.

You collected 146 gold pieces.

Inventory:

Hand Weapons
 a - a +0 trident (weapon)
Missiles
 q - 3 poisoned tomahawks (quivered)
Armour
 b - a +0 scale mail (worn)
 c - a +0 shield (worn)
 r - a +0 pair of gloves (worn)
Jewellery
 e - an uncursed ring of magical power {unknown}
 u - an uncursed ring of positive energy
Scrolls
 d - a scroll of identify
 g - 2 scrolls of teleportation
 m - 2 scrolls of amnesia
 n - 3 scrolls of magic mapping
Potions
 h - a potion of brilliance
 x - a potion of flight
Books
 v - a book of Changes

   Spells                             Type                      Level
   a - Beastly Appendage              Transmutation                1
   b - Sticks to Snakes               Transmutation                2
   c - Spider Form                    Transmutation/Poison         3
   d - Ice Form                       Ice/Transmutation            4
   e - Blade Hands                    Transmutation                5
Comestibles
 f - 3 bread rations
 t - a meat ration


   Skills:
 + Level 4.2 Fighting
 + Level 3.3 Polearms
 + Level 3.8 Armour
 + Level 2.2 Dodging
 + Level 4.1 Shields


You had 5 spell levels left.
You didn't know any spells.

Dungeon Overview and Level Annotations

Branches:
Dungeon (4/15)
 Temple: D:4-7

Altars:
Ashenzari
Dithmenos
Gozag

Shops:
D:3 *


Innate Abilities, Weirdness & Mutations

You are partially covered in icy blue scales. (AC +2)
You regenerate a little health from kills.
You have sharp toenails.
Scrolls take you longer to read.


Message History

The wraith is almost destroyed.
The wraith hits you.
* * * LOW HITPOINT WARNING * * *
You block the wraith's attack.
You hit the wraith.
The wraith is almost destroyed.
The wraith hits you but does no damage. You block the wraith's attack.
You hit the wraith but do no damage.
The wraith is almost destroyed.
The wraith barely misses you. You block the wraith's attack.
You closely miss the wraith.
The wraith is almost destroyed.
You block the wraith's attack. x2
You hit the wraith but do no damage. Your kick misses the wraith.
The wraith is almost destroyed.
The wraith hits you but does no damage.
You completely miss the wraith.
The wraith is almost destroyed.
The wraith hits you but does no damage. The wraith hits you!
You die...

.### ...####.####..#
..... ..............#
..... #............#
...... #......####..#
..8... #...8...+ #..#
......###......####..#
.....................#
.......^.............#
.#.#..#@#..#.#..#.#..#
#. #W#..#'#..#'#..# #
#?#..#.#..#.#..#
###..###..###..# ....
.... ...#
..............#
###############


You could see a wraith.

Vanquished Creatures
  An ice beast (D:3)
  The ghost of
  101 the Slasher, a weakling HEMo of Okawaru (D:3)
  Jessica (D:2)
  Ijyb (D:2)
  Natasha (thrice) (D:2)
  A mummy (Ossuary)
  Robin (D:2)
  A gnoll (D:1)
  4 adders (D:3)
  An ooze (D:1)
  An adder skeleton (D:3)
  4 worms
  2 dart slugs
  A giant gecko (D:3)
  5 bats
  4 giant cockroaches
  19 goblins
  9 hobgoblins
  5 jackals
  A quokka (D:2)
  2 ball pythons
  A giant newt (D:1)
  2 hobgoblin zombies (Ossuary)
  7 kobolds
  3 kobold zombies (Ossuary)
  10 rats
91 creatures vanquished.

Vanquished Creatures (others)
  A hobgoblin zombie (Ossuary)
1 creature vanquished.

Grand Total: 92 creatures vanquished

Notes
Turn   | Place    | Note
-------+----------+-------------------------------------------
     0 | D:1      | JustSomeDude the Demonspawn Fighter began the quest for the Orb.
     0 | D:1      | Reached XP level 1. HP: 18/18 MP: 1/1
    19 | D:1      | Gained mutation: You are partially covered in icy blue scales. (AC +2) [demonic ancestry]
    19 | D:1      | Reached XP level 2. HP: 11/24 MP: 2/2
   244 | D:1      | Reached XP level 3. HP: 19/29 MP: 3/3
   797 | D:2      | Noticed Natasha
   804 | D:2      | Killed Natasha
   804 | D:2      | Gained mutation: You regenerate a little health from kills. [demonic ancestry]
   804 | D:2      | Reached XP level 4. HP: 28/35 MP: 4/4
   814 | D:2      | Noticed Ijyb
   859 | D:2      | Killed Ijyb
   958 | D:2      | Noticed Robin
   962 | D:2      | Noticed Natasha
   993 | D:2      | Killed Robin
  1003 | D:2      | Reached skill level 1 in Dodging
  1013 | D:2      | Killed Natasha
  1013 | D:2      | Reached XP level 5. HP: 41/41 MP: 5/5
  1210 | D:2      | Noticed Natasha
  1214 | D:2      | Killed Natasha
  1667 | D:2      | Noticed Jessica
  1694 | D:2      | Killed Jessica
  1871 | D:3      | Found an opulent altar of Gozag.
  1871 | D:3      | Found Gozag's Platinum Reserve.
  1917 | D:3      | Found a shadowy altar of Dithmenos.
  2042 | D:3      | Found a shattered altar of Ashenzari.
  2078 | D:3      | Noticed 101's ghost (weakling HEMo)
  2098 | D:3      | Killed 101's ghost
  2098 | D:3      | Reached XP level 6. HP: 27/48 MP: 6/6
  2228 | D:3      | Noticed an ice beast
  2274 | D:3      | Killed an ice beast
  2932 | D:4      | Found a sand-covered staircase.
  2937 | Ossuary  | Entered an ossuary
  2937 | Ossuary  | Noticed a wraith
  2937 | Ossuary  | Noticed a wraith
  2937 | Ossuary  | Noticed a wraith
  3167 | Ossuary  | Noticed a wraith
  3180 | Ossuary  | Gained mutation: Scrolls take you a little longer to read. [potion of mutation]
  3180 | Ossuary  | Gained mutation: Scrolls take you longer to read. [potion of mutation]
  3180 | Ossuary  | Gained mutation: You have sharp toenails. [potion of mutation]
  3206 | Ossuary  | HP: 2/48 [wraith (6)]
  3217 | Ossuary  | Slain by a wraith

Vault maps used:
D:1:      minmay_arrival_radiant_lines
D:2:      kennysheep_the_goblin_king, uniq_jessica, uniq_natasha, uniq_robin
D:3:      lemuel_doored_altar, nicolae_gozag_zags_fifth_avenue,
          overflow_temple_1_default
D:4:      vehumet_crystals, serial_shops, shop, enter_ossuary_2,
          minmay_goblin_kobold_house
Ossuary:  ossuary_kennysheep_city_of_the_dead

Skill      XL: |  1  2  3  4  5  6 |
---------------+-------------------+-----
Shields        | 3 4 |  4.1
Polearms       | 2 3 |  3.3
Armour         | 3 |  3.8
Dodging        | 1 2 |  2.2
Fighting       | 4 |  4.2

Action                   |  1- 3 |  4- 6 || total
-------------------------+-------+-------++-------
Melee: Trident           |    95 |   419 ||   514
       Kick              |       |     3 ||     3
  Use: Potion            |     1 |    11 ||    12
       Scroll            |       |     8 ||     8
  Eat: Chunk             |       |     8 ||     8
Armor: Scale mail        |    28 |   177 ||   205
       Skin              |       |    13 ||    13
Dodge: Dodged            |    32 |   119 ||   151
Block: Shield            |    42 |   184 ||   226
